 Dungeon Crawl Stone Soup version 0.31.0-32-g396128a36d (webtiles) character file.

Game seed: 10517767012774585411

477 smashvw the Cudgeller (level 6, -1/56 HPs)
             Began as a Minotaur Fighter on Mar 24, 2024.
             Was an Initiate of Gozag.
             Slain by a gnoll
             ... wielding a +2 flail of protection
              (7 damage)
             ... on level 4 of the Dungeon.
             The game lasted 00:06:32 (3187 turns).

smashvw the Cudgeller (Minotaur Fighter)            Turns: 3187, Time: 00:06:33

Health: -1/56      AC: 11    Str: 23    XL:     6   Next: 85%
Magic:  5/5        EV:  8    Int: 11    God:    Gozag
Gold:   255        SH:  4    Dex:  9    Spells: 5/5 levels left

rFire   . . .        a - +0 flail
rCold   . . .        c - +0 buckler
rNeg    . . .        m - +0 chain mail
rPois   .            (helmet restricted)
rElec   .            (no cloak)
rCorr   .            r - +0 pair of gloves
SInv    .            (no boots)
Will    +....        (no amulet) Stlth
                     g - +6 ring of intelligence
HPRegen 0.29/turn    b - ring of willpower
MPRegen 0.09/turn

%: no passive effects
@: no status effects
A: horns 2, retaliatory headbutt
a: Renounce Religion, Potion Petition, Call Merchant, Bribe Branch


You were on level 4 of the Dungeon.
You worshipped Gozag.
Gozag was aware of your devotion.
You visited 1 branch of the dungeon, and saw 4 of its levels.

You collected 278 gold pieces.
You paid 23 gold pieces to Gozag.

Inventory:

Hand Weapons
 a - a +0 flail (weapon)
Missiles
 s - 5 poisoned darts (quivered)
Armour
 c - a +0 buckler (worn)
 m - a +0 chain mail (worn)
 r - a +0 pair of gloves (worn)
Jewellery
 b - a ring of willpower (right hand)
 e - a ring of magical power
 g - a +6 ring of intelligence (left hand)
Scrolls
 f - 4 scrolls of identify {unknown}
 h - 2 scrolls of enchant armour {unknown}
 j - 3 scrolls of torment {unknown}
 l - a scroll of butterflies {unknown}
 n - a scroll of teleportation {unknown}
Potions
 d - a potion of might
 i - 2 potions of curing {unknown}
 k - 2 potions of haste {unknown}
 o - 3 potions of resistance {unknown}
 p - 2 potions of invisibility {unknown}
 q - a potion of brilliance {unknown}


   Skills:
 + Level 5.4 Fighting
 * Level 6.1 Maces & Flails
 + Level 5.3 Armour
 - Level 5.0 Shields


You had 5 spell levels left.
You didn't know any spells.
Your spell library contained the following spells:

 Spells                   Type           Power      Damage    Failure   Level
 Magic Dart               Conj           0%         1d3       94%         1
 Searing Ray              Conj           0%         2d4       98%         2
 Fulminant Prism          Conj/Alch      0%         3d5       100%        4
 Iskenderun's Battlesphe  Conj           0%         2d6       100%        5
 Bombard                  Conj/Erth      0%         9d1       100%        6
 Spellforged Servitor     Conj/Summ      0%         N/A       100%        7


Dungeon Overview and Level Annotations

Branches:
Dungeon (4/15)             Temple (0/1) D:4

Altars:
Gozag
Hepliaklqana
Nemelex Xobeh


Innate Abilities, Weirdness & Mutations

You have a pair of horns on your head.
You reflexively headbutt those who attack you in melee.


Message History

You closely miss the gnoll. Your headbutt misses the gnoll.
The gnoll is heavily wounded.
The gnoll hits you from afar with a +0 halberd!
The gnoll hits you with a +0 halberd. The gnoll hits you but does no damage.
The gnoll hits you with a +0 halberd.
You barely miss the gnoll.
The gnoll is heavily wounded.
The gnoll closely misses you.
The gnoll is distracted by your dazzling golden aura.
You block the gnoll's attack.
You closely miss the gnoll.
The gnoll is heavily wounded.
The gnoll barely misses you. The gnoll hits you with a +0 halberd.
The gnoll shouts!
You hit the gnoll.
You kill the gnoll!
The gnoll hits you from afar with a +0 halberd!
The gnoll hits you but does no damage.
Things that are here:
12 gold pieces; a +0 halberd You barely miss the gnoll.
Your headbutt misses the gnoll. The gnoll hits you with a +0 halberd!
* * * LOW HITPOINT WARNING * * *
You sock the gnoll!
You kill the gnoll!
The gnoll is no longer distracted by gold.
You hit the gnoll. Your headbutt misses the gnoll.
The gnoll is lightly wounded.
The gnoll hits you with a +2 flail of protection.
* * * LOW HITPOINT WARNING * * *
You barely miss the gnoll.
The gnoll is lightly wounded.
The gnoll is distracted by your dazzling golden aura.
You catch the helpless gnoll completely off-guard!
You hit the gnoll.
The gnoll is no longer distracted by gold.
The gnoll is moderately wounded.
The gnoll hits you with a +2 flail of protection!
You die...
Your body crumbles into a pile of gold.

~~♣~♣ ♣♣♣ #. #. #. ...
.... ############ ##..
######..g@$.....### ##.
........#####.....# ##
#####...# #.....### #.
#....g. ###.......# #.
#...........>...#.## #..
#.......##.........###..
###...#.#..#.....#..##..
#...#...##.....##..#..
....#..##..#.#..##....


You could see a gnoll.

Vanquished Creatures
  An ogre (D:4)
  A phantom (D:4)
  A scorpion (D:4)
  The ghost of venomsnake the Trooper, a weakling MiBe of Trog (D:3)
  2 iguanas (D:4)
  8 gnolls
  2 adders
  A dart slug (D:1)
  A ribbon worm (D:3)
  2 orcs (D:3)
  6 ball pythons
  2 bats
  7 endoplasms
  4 giant cockroaches
  6 goblins
  7 hobgoblins
  6 jackals
  2 quokkas
  A frilled lizard (D:1)
  4 kobolds
  3 rats
68 creatures vanquished.

Notes
Turn   | Place    | Note
-------+----------+-------------------------------------------
     0 | D:1      | smashvw the Minotaur Fighter began the quest for the Orb.
     0 | D:1      | Reached XP level 1. HP: 19/19 MP: 0/0
   145 | D:1      | Reached XP level 2. HP: 19/27 MP: 1/1
   211 | D:1      | Reached skill level 3 in Maces & Flails
   263 | D:1      | Reached XP level 3. HP: 27/33 MP: 2/2
  1017 | D:2      | Found a hazy altar of Hepliaklqana.
  1432 | D:3      | Reached XP level 4. HP: 37/40 MP: 3/3
  1624 | D:3      | Found an opulent altar of Gozag.
  1633 | D:3      | Became a worshipper of Gozag Ym Sagoz the Greedy
  1924 | D:3      | Found a sparkling altar of Nemelex Xobeh.
  2074 | D:3      | Found a runed translucent door.
  2212 | D:3      | Reached skill level 4 in Maces & Flails
  2593 | D:3      | Noticed venomsnake's ghost (weakling MiBe)
  2715 | D:3      | Killed venomsnake's ghost
  2716 | D:3      | Reached XP level 5. HP: 24/47 MP: 4/4
  2911 | D:4      | Noticed a phantom
  2920 | D:4      | Killed a phantom
  2921 | D:4      | Reached skill level 5 in Maces & Flails
  2921 | D:4      | Reached XP level 6. HP: 55/55 MP: 5/5
  3018 | D:4      | Reached skill level 5 in Fighting
  3018 | D:4      | Reached skill level 5 in Armour
  3018 | D:4      | Reached skill level 5 in Shields
  3126 | D:4      | Found a staircase to the Ecumenical Temple.
  3177 | D:4      | Reached skill level 6 in Maces & Flails
  3187 | D:4      | Slain by a gnoll

Illustrated notes

Levels and vault maps discovered:
D:1:      mainiacjoe_arrival_oval_in_oval, layout_loops_ring,
          minmay_misc_feat_encased
D:2:      layout_basic, basic_altar, interstate_on_off,
          nicolae_concentric_dashed_squares_mild
D:3:      layout_loops_corners, grunt_gozag_breadcrumbs,
          lemuel_coloured_pillars_altar, ebering_ghost_sewer_d,
          chequers_serial_rivers_large_a
D:4:      layout_loops_cross, minmay_temple_entry_waves, serial_bayou_lake_a

Skill      XL: |  1  2  3  4  5  6 |
---------------+-------------------+-----
Maces & Flails | 3 4 5 6 |  6.1
Armour         | 4 5 |  5.3
Shields        | 4 5 |  5.0
Fighting       | 4 5 |  5.4

Action                     |  1- 3 |  4- 6 || total
---------------------------+-------+-------++-------
  Melee: Flail             |    82 |    78 ||   160
         Headbutt          |    10 |    11 ||    21
   Stab: Distracted        |       |     1 ||     1
 Armour: Scale mail        |    56 |     2 ||    58
         Chain mail        |       |    53 ||    53
  Dodge: Dodged            |    33 |    40 ||    73
  Block: Buckler           |    15 |    18 ||    33
